 Dungeon Crawl Stone Soup version 0.28-a0-1412-gf95308ed99 (webtiles) character file.

Game seed: 14334887992447923486

154 siradein the Skirmisher (level 5, -2/41 HPs)
             Began as a Djinni Cinder Acolyte on Jan 6, 2022.
             Was a High Priest of Ignis.
             Slain by a goblin (4 damage)
             ... on level 4 of the Dungeon.
             The game lasted 00:08:29 (4213 turns).

siradein the Skirmisher (Djinni Cinder Acolyte)     Turns: 4213, Time: 00:08:29

Health: -2/41      AC:  5    Str: 13    XL:     5   Next: 62%
Gold:   167        EV: 10    Int: 18    God:    Ignis [*****.] SH:  0 Dex: 11

rFire   + + .      SeeInvis .   m - +6 hand axe "Qosely" {vorpal, rElec rF- Int+3}
rCold   x . .      Faith    .   (no shield)
rNeg    . . .      Spirit   .   n - +0 ring mail
rPois   ∞          Reflect  .   (no helmet)
rElec   +          Harm     .   (no cloak)
rCorr   .          Rampage  .   (no gloves)
Will    .....                   (boots unavailable)
Stlth   +.........              (no amulet)
HPRegen 0.13/turn               (no ring)
MPRegen 0.00/turn               (no ring)

@: flying
A: sickness immunity, fire resistance 2, cold vulnerability 1, float, innate
caster, hp casting, extra vitality 1
a: Renounce Religion, Fiery Armour, Foxfire Swarm, Rising Flame


You were on level 4 of the Dungeon.
You worshipped Ignis.
Ignis was extremely pleased with you.
You visited 1 branch of the dungeon, and saw 4 of its levels.

You collected 167 gold pieces.

Inventory:

Hand Weapons
 a - a -1 falchion of flaming
 m - the +6 hand axe "Qosely" (weapon) {vorpal, rElec rF- Int+3}
   (You found it on level 3 of the Dungeon)

   It inflicts extra damage upon your enemies.
   Int:       It affects your intelligence (+3).
   rF:        It makes you vulnerable to fire.
   rElec:     It insulates you from electricity.
Missiles
 d - a throwing net
Armour
 n - a +0 ring mail (worn)
Wands
 h - a wand of paralysis (6)
Scrolls
 b - a scroll of enchant armour {unknown}
 e - a scroll of fear {unknown}
 g - a scroll of vulnerability {unknown}
 j - a scroll of torment {unknown}
 k - 2 scrolls of identify {unknown}
 l - a scroll of immolation {unknown}
 o - a scroll of amnesia {unknown}
 r - 2 scrolls of teleportation {unknown}
Potions
 c - 3 potions of might {unknown}
 f - a potion of lignification {unknown}
 i - 2 potions of curing {unknown}
 p - 2 potions of degeneration {unknown}
 q - a potion of mutation {unknown}


   Skills:
 + Level 3.7 Fighting
 + Level 3.3 Long Blades
 + Level 2.0 Armour
 + Level 2.1 Dodging
 + Level 3.0 Spellcasting


You had 5 spell levels left.
You knew the following spells:

 Your Spells              Type           Power      Damage    Failure   Level
a - Scorch                Fire           26%        2d6       16%         2
b - Apportation           Tloc           26%        N/A       10%         1
c - Poisonous Vapours     Pois/Air       26%        N/A       16%         2
Your spell library was empty.

Dungeon Overview and Level Annotations

Branches:
Dungeon (4/15)
 Temple: D:4-7

Altars:
Ashenzari
Makhleb
Zin

Annotations:
D:3 avis's ghost, weakling HOFi


Innate Abilities, Weirdness & Mutations

You are immune to sickness and miasma.
You are immune to poison.
Your flesh is very heat resistant. (rF++)
You are vulnerable to cold. (rC-)
You float through the air rather than walking.
You learn spells naturally, not from books.
Your magical power is your life essence.
You have superior vitality. (+4 MHP)


Message History

* * * LOW HITPOINT WARNING * * *
You hit the gnoll.
You kill the gnoll!
Your Armour skill increases to level 2!
Your Spellcasting skill increases to level 3!
There is a stone staircase leading up here.
You reach down and open the door.
There is an open door here.
An adder comes into view.
The adder hisses angrily.
You see here a +0 short sword.
Aiming: Poisonous Vapours (safe; 16% risk of failure)
Press: ? - help, Q - select action, (/) - cycle Dir - move target, f - adder
Aim: an adder Poisonous vapours surround the adder!
The adder is poisoned.
* * * LOW HITPOINT WARNING * * *
The gnoll hits you with a +0 whip.
* * * LOW HITPOINT WARNING * * *
The gnoll shouts!
A goblin comes into view. It is wielding a +0 club.
The gnoll hits you from afar with a +0 spear.
* * * LOW HITPOINT WARNING * * *
The adder looks more healthy.
You see here a +0 short sword.
You see here an adder skeleton.
You see here 6 gold pieces.
Found a book of Displacement.
The gnoll closely misses you. The goblin hits you but does no damage.
The gnoll hits you but does no damage. The goblin barely misses you.
The gnoll hits you from afar with a +0 spear.
* * * LOW HITPOINT WARNING * * *
The goblin hits you with a +0 club.
* * * LOW HITPOINT WARNING * * *
The gnoll hits you with a +0 spear.
* * * LOW HITPOINT WARNING * * *
The gnoll hits you from afar with a +0 spear.
* * * LOW HITPOINT WARNING * * *
The goblin hits you with a +0 club.
You die...

#..####....# #..#.
##.##......##....#
#).#...)#.#..#...
##.#....#.....#
#.####.#....#..####
+....#.#.##.#.....#..
##..##....##.#.#..#...
#.......(>##.#.#....?#
..........##÷.@.....#.#
##.(##...###.#g####...#
#..#.......$gg....#..
...........#.#S###.##.
##(##..#..<#.#.# #
#..#...#.#.###
.......#.....#
..........#.#.#
..........#.#.#


You could see 2 gnolls, an adder and a goblin.

Vanquished Creatures
  A scorpion (D:3)
  A howler monkey skeleton (D:4)
  A gnoll (D:4)
  2 adders
  2 worms (D:2)
  The ghost of fragbeetle the Ruffian, a weakling DrTm (D:3)
  4 orcs
  6 endoplasms
  A giant cockroach (D:1)
  5 goblins
  2 hobgoblins
  A jackal (D:2)
  A quokka (D:3)
  5 ball pythons
  3 bats
  3 frilled lizards (D:1)
  6 kobolds
  6 rats
51 creatures vanquished.

Vanquished Creatures (others)
  4 withered plants (D:3)
4 creatures vanquished.

Grand Total: 55 creatures vanquished

Notes
Turn   | Place    | Note
-------+----------+-------------------------------------------
     0 | D:1      | siradein the Djinni Cinder Acolyte began the quest for the
                  | Orb.
     0 | D:1      | Reached XP level 1. HP: 20/20 MP: 0/0
   272 | D:1      | Reached XP level 2. HP: 24/25 MP: 0/0
  1049 | D:2      | Reached XP level 3. HP: 25/30 MP: 0/0
  1049 | D:2      | Learned a level 1 spell: Apportation
  1105 | D:2      | Reached skill level 1 in Dodging
  1554 | D:2      | Reached skill level 1 in Armour
  2127 | D:2      | You are sucked into a shaft and drop 2 floors!
  2132 | D:4      | Reached XP level 4. HP: 32/35 MP: 0/0
  2394 | D:3      | Identified the +6 hand axe "Qosely" {vorpal, rElec rF-
                  | Int+3}
  2456 | D:2      | Found a burning altar of Makhleb.
  2857 | D:2      | Found a faded altar of an unknown god.
  3197 | D:3      | Found a runed translucent gate.
  3198 | D:3      | Found a runed translucent gate.
  3198 | D:3      | Found a runed translucent gate.
  3199 | D:3      | Noticed fragbeetle's ghost (weakling DrTm)
  3200 | D:3      | Noticed avis's ghost (weakling HOFi)
  3396 | D:3      | Found a glowing silver altar of Zin.
  3472 | D:3      | Found a broken altar of Ashenzari.
  3521 | D:3      | Noticed a scorpion
  3529 | D:3      | Killed a scorpion
  3530 | D:3      | Reached XP level 5. HP: 35/40 MP: 0/0
  3530 | D:3      | Learned a level 2 spell: Poisonous Vapours
  3701 | D:3      | Killed fragbeetle's ghost
  4213 | D:4      | HP: 2/41 [gnoll (5)]
  4213 | D:4      | Slain by a goblin

Illustrated notes

Levels and vault maps discovered:
D:1:      amcnicky_arrival_blooded_trapdoor, layout_basic
D:2:      layout_basic, dreamdust_ecumenical_altar_angels_and_demons,
          basic_altar, kennysheep_generic_room_13
D:3:      layout_basic, mainiacjoe_overflow_alcove_1, zin_academy,
          gammafunk_ghost_cemetery
D:4:      layout_basic, dk_xom_monty_hall, minmay_temple_entry_arrows,
          minmay_divided_ellipse

Skill      XL: |  1  2  3  4  5 |
---------------+----------------+-----
Dodging        | 1 2 |  2.1
Long Blades    | 3 |  3.3
Armour         | 1 2 |  2.0
Spellcasting   | 3 |  3.0
Fighting       | |  3.7

Action                   |  1- 3 |  4- 6 || total
-------------------------+-------+-------++-------
Melee: Falchion          |    34 |     3 ||    37
       Hand axe          |       |    38 ||    38
       Punch             |       |     1 ||     1
 Cast: Scorch            |    26 |     3 ||    29
       Poisonous Vapours |       |     4 ||     4
 Stab: Sleeping          |     1 |       ||     1
Armor: Robe              |     4 |     2 ||     6
       Ring mail         |       |     7 ||     7
Dodge: Dodged            |    22 |    19 ||    41

Table legend: (Time is in decaauts)
 A = Elapsed time spent in this place.
 B = Non-inter-level travel time spent in this place.
 C = Inter-level travel time spent in this place.
 D = Time resting spent in this place.
 E = Time spent auto-exploring this place.
 F = Levels seen in this place.
 G = Mean time per level.
                   A        B        C        D        E       F      G
               +--------+--------+--------+--------+--------+-----+--------+
         Total |   4232 |   4161 |     71 |    908 |   2680 |   4 | 1058.0 |
       Dungeon |   4232 |   4161 |     71 |    908 |   2680 |   4 | 1058.0 |
               +--------+--------+--------+--------+--------+-----+--------+

Top non-repeatable levels by time:
     D:2: 1542 daAuts
     D:1: 1483 daAuts
     D:3: 1060 daAuts
     D:4: 146 daAuts
